 Dungeon Crawl Stone Soup version 0.27-a0-604-g29a88b33a7 (webtiles) character file.

Game seed: 2516778479072999736

552 sanka the Grave Robber (level 7, -1/46 HPs)
             Began as a Vampire Necromancer on Mar 12, 2021.
             Slain by a phantom (8 damage)
             ... on level 4 of the Dungeon.
             The game lasted 00:11:10 (5536 turns).

sanka the Grave Robber (Vampire Necromancer)        Turns: 5536, Time: 00:11:10

Health: -1/46      AC:  5    Str:  7    XL:     7   Next: 8%
Magic:  9/11       EV: 15    Int: 18    God:
Gold:   242        SH:  0    Dex: 16    Spells: 7/12 levels left

rFire    . . .     SeeInvis +   r - +1 mace (drain)
rCold    . . .     Faith    .   (no shield)
rNeg     . . .     Spirit   .   a - +0 robe
rPois    .         Reflect  .   f - +0 helmet
rElec    .         Harm     .   (no cloak)
rCorr    .         Rampage  .   n - +0 pair of gloves
Will     .....                  d - +0 pair of boots
Stlth    ++........             (no amulet)
HPRegen  0.35/turn              (no ring)
MPRegen  0.12/turn              (no ring)

@: regenerating quickly
A: fangs 3, see invisible, unbreathing 1, vampiric 2
a: Exsanguinate


You were on level 4 of the Dungeon.
You visited 1 branch of the dungeon, and saw 5 of its levels.

You collected 242 gold pieces.


Innate Abilities, Weirdness & Mutations

Your natural rate of healing is unusually fast.
You have razor-sharp teeth.
You have supernaturally acute eyesight. (SInv)
You can survive without breathing.
You are afflicted with vampirism and can become a bat while bloodless.


   Skills:
 + Level 6.0 Dodging
 - Level 3.0 Stealth
 - Level 3.0 Spellcasting
 - Level 7.0 Necromancy


You had 7 spell levels left.
You knew the following spells:

 Your Spells              Type           Power      Damage    Failure   Level
x - Vampiric Draining     Necr           13%        2d7       2%          3
z - Pain                  Necr           100%       1d9       1%          1
Z - Animate Skeleton      Necr           54%        N/A       1%          1

Your spell library contained the following spells:

 Spells                   Type           Power      Damage    Failure   Level
 Animate Dead             Necr           13%        N/A       9%          4
 Agony                    Necr           27%        N/A       26%         5

Inventory:

Hand Weapons
 r - a +1 mace of draining (weapon)
Armour
 a - a +0 robe (worn)
 d - a +0 pair of boots (worn)
 f - a +0 helmet (worn)
 n - a +0 pair of gloves (worn)
Wands
 s - a wand of polymorph (7)
Scrolls
 c - 2 scrolls of fear {unknown}
 e - 2 scrolls of teleportation {unknown}
 g - 4 scrolls of identify {unknown}
 l - a scroll of amnesia {unknown}
 m - a scroll of fog {unknown}
 o - a scroll of enchant weapon {unknown}
 p - 3 scrolls of noise {unknown}
Potions
 b - 2 potions of magic {unknown}
 h - a potion of degeneration {unknown}
 i - a potion of mutation {unknown}
 j - a potion of ambrosia {unknown}
 k - 3 potions of flight {unknown}
 q - 3 potions of lignification {unknown}

Dungeon Overview and Level Annotations

Branches:
Dungeon (5/15)
 Temple: D:4-7

Altars:
Qazlal
Uskayaw

.............▒▒▒▒▒▒▒▒ ▒.▒
▒▒▒▒.▒▒▒▒...........▒ ▒.▒
...................▒ ▒.▒
.....▒▒▒...........▒ ▒.▒ ...
▒...........▒ ▒.▒ . ▒...........▒
▒.▒ ▒...........▒ ▒.▒
▒▒▒▒▒▒▒▒▒........W..▒ ▒.▒
................V...▒ ▒.▒▒▒▒▒
............<.......▒ ▒.....▒
....................▒▒▒▒▒▒▒▒▒.▒
............##.....▒▒.......▒.▒▒
..........▒▒▒▒▒▒▒▒.▒▒.▒▒▒▒▒.▒..▒▒
.....▒▒▒▒)▒......▒.▒▒.▒▒▒▒▒.▒...▒
.....▒ ▒.▒.▒▒▒▒.▒....▒▒....▒▒.▒▒
.....▒ ▒##......▒▒▒▒▒▒▒.▒▒....▒
.....▒ ▒.#...#...........▒.▒▒▒▒


You could see a phantom.


Message History

The phantom completely misses you.
You hit the phantom.
The phantom is heavily damaged.
The phantom closely misses you.
You hit the phantom.
The phantom is heavily damaged.
The phantom misses you. The phantom hits you.
* * * LOW HITPOINT WARNING * * *
You hit the phantom. You bite the phantom, but do no damage.
The phantom is heavily damaged.
The phantom hits you!
* * * LOW HITPOINT WARNING * * *
The phantom blinks!
You blink.
You miss the phantom.
The phantom is heavily damaged.
The phantom barely misses you.
You sock the phantom!
The phantom is almost destroyed.
The phantom hits you but does no damage.
The phantom hits you!
* * * LOW HITPOINT WARNING * * *
The phantom blinks!
You blink.
You miss the phantom.
The phantom is severely damaged.
The phantom hits you!
You die...

Action                   |  1- 3 |  4- 6 |  7- 9 || total
-------------------------+-------+-------+-------++-------
Melee: Spear             |     5 |    21 |       ||    26
       Mace              |       |    59 |    14 ||    73
       Bite              |       |     8 |     1 ||     9
 Cast: Pain              |    70 |    99 |       ||   169
       Vampiric Draining |       |     7 |       ||     7
       Animate Skeleton  |       |     2 |       ||     2
 Stab: Sleeping          |       |     2 |       ||     2
Armor: Robe              |     3 |    20 |     3 ||    26
Dodge: Dodged            |     4 |    78 |     7 ||    89

Levels and vault maps discovered:
D:1:      dpeg_arrival_ratfight, layout_basic
D:2:      layout_basic, minmay_misc_feat_plants, minmay_box_of_dots
D:3:      layout_loops_ring, lemuel_crystal_altar,
          chequers_ecumenical_altar_simple, minmay_goblin_outpost
D:4:      layout_basic, nicolae_qazlal_general_emergency
D:5:      layout_loops_corners, marbit_many_paths, serial_shops,
          nicolae_shop_behind_doors, kennysheep_generic_room_15,
          uniq_blork_the_orc

Notes
Turn   | Place    | Note
-------+----------+-------------------------------------------
     0 | D:1      | sanka the Vampire Necromancer began the quest for the Orb.
     0 | D:1      | Reached XP level 1. HP: 13/13 MP: 3/3
   130 | D:1      | Reached XP level 2. HP: 19/19 MP: 0/5
   256 | D:1      | Reached skill level 5 in Necromancy
  1113 | D:1      | Gained mutation: You are afflicted with vampirism and can
                  | become a bat while bloodless. [Vampire growth]
  1113 | D:1      | Reached XP level 3. HP: 23/24 MP: 3/6
  1469 | D:1      | Learned a level 1 spell: Animate Skeleton
  1473 | D:1      | Learned a level 3 spell: Vampiric Draining
  1868 | D:2      | Reached skill level 6 in Necromancy
  2106 | D:2      | Reached XP level 4. HP: 25/30 MP: 1/7
  2944 | D:3      | Found a faded altar of an unknown god.
  3445 | D:3      | Found a hide-covered altar of Uskayaw.
  4019 | D:4      | Reached XP level 5. HP: 8/35 MP: 0/8
  4157 | D:4      | Noticed a phantom
  4180 | D:4      | Reached skill level 7 in Necromancy
  4216 | D:4      | Found a stormy altar of Qazlal.
  4352 | D:4      | Reached skill level 3 in Spellcasting
  4482 | D:4      | Noticed an ogre
  4737 | D:4      | Noticed an ogre
  4942 | D:4      | Reached skill level 3 in Dodging
  5176 | D:5      | Entered Level 5 of the Dungeon
  5176 | D:5      | Noticed a centaur
  5182 | D:5      | Killed a centaur
  5183 | D:5      | Reached skill level 4 in Dodging
  5183 | D:5      | Reached XP level 6. HP: 38/41 MP: 6/10
  5394 | D:5      | Reached skill level 5 in Dodging
  5523 | D:4      | Reached skill level 6 in Dodging
  5523 | D:4      | Reached XP level 7. HP: 43/46 MP: 7/11
  5536 | D:4      | Slain by a phantom

Vanquished Creatures
  2 ogres
  A centaur (D:5)
  An orc priest (D:5)
  A centaur skeleton (D:4)
  2 worker ants (D:4)
  A hound skeleton (D:4)
  A gnoll (D:1)
  5 adders
  A white imp (D:5)
  An ooze (D:2)
  An adder skeleton (D:4)
  6 worms
  4 dart slugs
  2 leopard geckos
  7 orcs
  3 giant cockroaches
  11 goblins
  5 hobgoblins
  3 jackals (D:4)
  4 kobolds
  A quokka (D:2)
  3 ball pythons
  4 bats
  2 frilled lizards
  13 rats
85 creatures vanquished.
